 Dungeon Crawl Stone Soup version 0.20.1-1-g8b1a95d (webtiles) character file.

229824 LVoren the Convoker (level 19, -12/187 HPs)
             Began as an Ogre Wizard on Aug 3, 2017.
             Was a High Priest of Sif Muna.
             Mangled by an orc knight
             ... wielding a +0 long sword
              (17 damage)
             ... on level 1 of the Vaults on Aug 5, 2017.
             The game lasted 05:43:20 (87264 turns).

LVoren the Convoker (Ogre Wizard)                  Turns: 87264, Time: 05:43:21

Health: -12/187    AC: 12    Str: 17    XL:     19   Next: 0%
Magic:  18/38      EV: 10    Int: 23    God:    Sif Muna [*****.]
Gold:   1922       SH: 10    Dex:  8    Spells: 2/48 levels left

rFire    . . .     SeeInvis +   a - staff of energy
rCold    + . .     Gourm    .   n - +0 shield {reflect}
rNeg     + . .     Faith    .   t - +2 robe {rC+ rF+}
rPois    +         Spirit   .   r - +2 hat
rElec    .         Reflect  +   v - +2 cloak
rCorr    .         Harm     .   (gloves unavailable)
MR       +++++     Clarity  +   (boots unavailable)
Stlth    +.........             T - amulet of the Four Winds {rN+ MR+++ Clar}
Regen    0.5/turn               V - ring "Ucveptez" {Wiz rF- MR++}
MPRegen  0.3/turn               b - ring of poison resistance

@: dragon's call, very slightly contaminated, studying Conjurations
A: unfitting armour, claws 1, molten scales 1, see invisible, tough skin 1
}: 2/15 runes: barnacled, gossamer
a: Divine Energy, Channel Magic, Forget Spell, Renounce Religion


You were on level 1 of the Vaults.
You worshipped Sif Muna.
Sif Muna was extremely pleased with you.
You were not hungry.

You visited 8 branches of the dungeon, and saw 36 of its levels.
You visited 1 bazaar.
You also visited: Labyrinth, Bailey and Ice Cave.

You collected 4481 gold pieces.
You spent 2559 gold pieces at shops.

Inventory:

Hand Weapons
 E - the +9 spear "Spiderbane" {flame, rElec SInv}
   (You found it on level 2 of the Spider Nest)

   It has been specially enchanted to burn those struck by it, causing extra
   injury to most foes and up to half again as much damage against particularly
   susceptible opponents.
   It insulates you from electricity.
   It lets you see invisible.
Missiles
 k - 7 throwing nets
 K - 62 large rocks (quivered)
Armour
 n - a +0 shield of reflection (worn)
 r - a +2 hat (worn)
 t - a +2 robe of resistance (worn)
 v - a +2 cloak (worn)
 D - +0 fire dragon scales
Magical Staves
 a - an uncursed staff of energy (weapon)
Jewellery
 b - a ring of poison resistance (right claw)
 T - the amulet of the Four Winds (around neck) {rN+ MR+++ Clar}
   (You bought it in a shop on level 2 of the Orcish Mines)

   [amulet of nothing]

   It protects you from negative energy.
   It affects your resistance to hostile enchantments.
   It protects you against confusion.
 V - the ring "Ucveptez" (left claw) {Wiz rF- MR++}
   (You took it off a deep elf high priest on level 3 of the Elven Halls)

   [ring of wizardry]

   It improves your spell success rate.
   It makes you vulnerable to fire.
   It affects your resistance to hostile enchantments.
Wands
 y - a wand of disintegration (19/24)
 H - a wand of clouds (6/9)
 J - a wand of confusion (3/48)
 O - a wand of digging (5/24)
Scrolls
 i - 18 scrolls of remove curse
 l - 3 scrolls of amnesia
 q - a scroll of enchant weapon
 x - 8 scrolls of magic mapping
 A - 6 scrolls of fog
 L - 5 scrolls of fear
 N - 7 scrolls of immolation
 P - 7 scrolls of identify
 Q - 4 scrolls of recharging
 R - 10 scrolls of teleportation
 U - a scroll of torment
 W - 2 scrolls of blinking
 Z - 2 scrolls of summoning
Potions
 e - 7 potions of lignification
 h - 2 potions of berserk rage
 j - 7 potions of might
 m - 6 potions of mutation
 o - 8 potions of brilliance
 s - 15 potions of curing
 u - 2 potions of flight
 z - 3 potions of haste
 B - 4 potions of ambrosia
 C - a potion of heal wounds
 F - 6 potions of agility
 G - 2 potions of resistance
 I - 2 potions of cancellation
Books
 M - a manual of Conjurations
 X - Sif Muna's Almanac of Cankerous Displacement
   (Sif Muna gifted it to you on level 1 of the Vaults)

   Spells                             Type                      Level
   a - Blink                          Translocation                2
   b - Gell's Gravitas                Translocation                3
   c - Lesser Beckoning               Translocation                3
   d - Teleport Other                 Translocation                3
   e - Venom Bolt                     Conjuration/Poison           5
Miscellaneous
 w - a lightning rod (4/4)
 S - 2 phantom mirrors
Comestibles
 c - 2 meat rations
 d - 13 bread rations
 f - 34 fruits
 p - 8 royal jellies


   Skills:
 - Level 11.4 Fighting
 - Level 2.6 Polearms
 - Level 1.7 Dodging
 - Level 1.4 Stealth
 - Level 9.0 Shields
 - Level 15.4 Spellcasting
 - Level 11.1 Conjurations
 * Level 18.9 Summonings
 - Level 9.1 Necromancy
 - Level 1.9 Translocations
 - Level 2.5 Fire Magic
   Level 6.2 Ice Magic
 - Level 2.4 Air Magic
 - Level 2.4 Poison Magic
 - Level 7.1 Invocations


You had 2 spell levels left.
You knew the following spells:

 Your Spells              Type           Power        Failure   Level  Hunger
a - Haunt                 Necr/Summ      ######....   3%          7    None
b - Fireball              Conj/Fire      #####.....   2%          5    None
c - Mephitic Cloud        Conj/Pois/Air  #####...     1%          3    None
d - Dragon's Call         Summ           #######...   34%         9    None
e - Blink                 Tloc           N/A          1%          2    None
h - Force Lance           Conj/Tloc      #####...     1%          4    None
i - Monstrous Menagerie   Summ           #######...   1%          7    None
j - Summon Horrible Thin  Summ           #######...   3%          8    None
k - Apportation           Tloc           ####..       1%          1    None


Dungeon Overview and Level Annotations

Branches:
Dungeon (15/15)            Temple (1/1) D:4            Lair (6/6) D:11
 Shoals (4/4) Lair:2       Spider (4/4) Lair:3        Slime (0/5) Lair:6
    Orc (2/2) D:12            Elf (3/3) Orc:2        Vaults (1/5) D:14
 Depths (0/5) D:15

Altars:
Ashenzari
Cheibriados
Dithmenos
Elyvilon
Fedhas
Gozag
Hepliaklqana
Kikubaaqudgha
Makhleb
Nemelex Xobeh
Okawaru
Qazlal
Ru
Sif Muna
Trog
Uskayaw
Vehumet
Xom
Yredelemnul
Zin
The Shining One

Shops:
Orc:2 *[=(   Elf:1 *   Elf:3 (%[


Innate Abilities, Weirdness & Mutations

You are too large for most types of armour.
You have tough skin. (AC +1)
You have sharp fingernails.
You are partially covered in molten scales. (AC +2)
You have supernaturally acute eyesight. (SInv)


Message History

Press: ? - help, Dir - move target cursor, f/p - Hell Sentinel
Aim: a Hell Sentinel (severely wounded, durably summoned) Attack!
You feel less invigorated.
The orc knight no longer looks unusually strong.
The ogre mage hits your shadow dragon but does no damage.
The Hell Sentinel gestures at your ice dragon.
The sphere of damnation explodes!
The damnation engulfs your ice dragon.
Your ice dragon dies!
Your ice dragon's corpse disappears in a puff of smoke!
The damnation engulfs your shadow dragon.
The damnation engulfs the Hell Sentinel.
The Hell Sentinel completely resists.
The damnation engulfs you!
* * * LOW HITPOINT WARNING * * *
The war gargoyle launches metal splinters at you.
The spray of metal splinters hits your shadow dragon.
The spray of metal splinters hits you!
* * * LOW HITPOINT WARNING * * *
The ironheart preserver hits your ice dragon with a dire flail of crushing!!
The orc knight hits you with a long sword!
You die...

.s#.W ...o
#... #... #D.
#####c#######
#.....ppD...#
#......O9†Do#
#..###.###D@#
#..#.....#.§#
#..#.#.#.#1.#
#.......# ##
#.....#.....#
#.......# #.
#..#.#.#.#).#
#.......# #.
#..#.....#..#
#.......# #.
#..###.###..#
#.......# #.
#...........#
#.......# #.
#...........#
#.......# #.


You could see a Hell Sentinel, an ironheart preserver, an orc knight, an ogre
mage, a war gargoyle, a vault sentinel, a yaktaur, a friendly shadow dragon, 2
friendly storm dragons and a friendly ice dragon.

Vanquished Creatures
  A ghost moth (Lair:3)
  A minotaur (Lab)
  2 hydras
  2 two-headed ogres
  A catoblepas (Lair:6)
  A death yak (Lair:6)
  An orc high priest (Orc:2)
  2 unseen horrors (D:14)
  A wizard (Vaults:1)
  2 orc knights
  2 orc sorcerers (Orc:2)
  An elephant (Lair:6)
  Maurice (D:8)
  A rime drake (Lair:5)
  2 komodo dragons
  2 spiny frogs
  A polar bear (Lair:3)
  3 blink frogs (Lair:2)
  3 hippogriffs
  Sigmund (D:3)
  A redback (D:14)
  3 wyverns
  2 yaks (Lair:5)
  A basilisk (Lair:1)
  A steam dragon (D:8)
  2 water moccasins
  A sky beast (D:6)
  9 orc warriors
  6 centaurs
  3 wolves (Lair:2)
  7 ogres
  2 big kobolds
  5 bullfrogs
  A gnoll sergeant (D:7)
  A water moccasin skeleton (D:5)
  8 killer bees
  A scorpion (D:6)
  4 wights
  A howler monkey (D:9)
  4 crimson imps
  A bullfrog zombie (D:5)
  5 hounds
  2 jellies
  5 orc priests
  14 orc wizards
  Crazy Yiuf (D:3)
  6 iguanas
  5 worker ants
  2 hound skeletons
  3 worker ant zombies
  14 adders
  4 gnolls (D:7)
  2 river rats (D:5)
  2 shadow imps
  3 white imps (Lair:1)
  2 adder skeletons
  2 adder zombies (D:6)
  A worm (D:2)
  5 leopard geckos
  30 orcs
  7 bats
  4 giant cockroaches
  12 goblins
  10 hobgoblins
  A jackal (D:2)
  11 quokkas
  2 ball pythons (D:2)
  7 frilled lizards
  31 kobolds
  A leopard gecko skeleton (D:5)
  A quokka skeleton (D:6)
  21 rats
311 creatures vanquished.

Vanquished Creatures (collateral kills)
  Saint Roka (Elf:2)
  2 deep elf master archers (Elf:3)
  An Executioner (Elf:3)
  A kraken (Shoals:4)
  A titan (Shoals:3)
  2 deep elf blademasters (Elf:3)
  Frances (D:14)
  Polyphemus (Shoals:4)
  Kirke (Shoals:4)
  Donald (Shoals:1)
  Roxanne (Shoals:4)
  Ilsuiw (Shoals:4)
  4 deep elf sorcerers (Elf:3)
  2 orc warlords
  The ghost of SlightEye the Peltast, a journeyman FoFi of Qazlal (Spider:1)
  A frost giant (Shoals:3)
  5 ghost moths
  7 emperor scorpions
  A vault warden (Vaults:1)
  A ghoul (Vaults:1)
  Aizul (Shoals:1)
  Louise (Shoals:1)
  The ghost of Turtleman12345 the Bludgeoner, a journeyman MiFi of Yredelemnul (Elf:2)
  A deep elf elementalist (Elf:3)
  An entropy weaver (Spider:3)
  An ironheart preserver (Vaults:1)
  3 stone giants
  The ghost of Gargoyl the Cleaver, a journeyman MiAK of Lugonu (Lair:5)
  Azrael (D:14)
  A dire elephant (D:15)
  7 deep elf demonologists
  9 deep elf annihilators (Elf:3)
  3 spark wasps
  7 deep elf death magi
  3 ettins
  A fire dragon (Vaults:1)
  9 merfolk javelineers
  12 merfolk impalers
  Josephine (D:15)
  3 deep elf high priests (Elf:3)
  7 hydras
  A catoblepas (Shoals:4)
  2 two-headed ogres (D:12)
  5 merfolk aquamancers
  Erica (Lair:2)
  2 alligator snapping turtles
  4 merfolk avatars
  6 centaur warriors
  A deep troll shaman (Lair:6)
  29 dancing weapons
  The ghost of Theopeo the Blocker, a novice DrBe of Trog (Orc:1)
  7 death yaks
  A death knight (Vaults:1)
  Urug (D:14)
  3 orc high priests (Orc:2)
  26 deep elf knights
  11 skeletal warriors
  An unseen horror (D:12)
  A sea snake (shapeshifter) (D:15)
  2 wizards
  20 sea snakes
  3 large abominations
  6 orc knights
  25 deep elf archers
  An obsidian statue (Shoals:3)
  83 deep elf magi
  2 necromancers (Elf:1)
  Pikel (D:4)
  14 harpies
  19 orb spiders
  46 wolf spiders
  A wolf spider zombie (D:14)
  2 oklob plants
  11 fauns
  3 orc sorcerers
  20 manticores
  10 cyclopes
  6 ugly things
  A salamander (D:15)
  A moth of wrath (Spider:2)
  3 black mambas
  A centaur zombie (D:15)
  14 elephants
  Joseph (D:10)
  10 water nymphs
  11 merfolk sirens
  2 torpor snails
  A spiny frog (shapeshifter) (Vaults:1)
  9 spiny frogs
  4 centaur skeletons
  2 kobold demonologists
  An efreet (D:14)
  17 demonic crawlers
  A yaktaur (shapeshifter) (D:14)
  9 komodo dragons
  36 merfolk
  6 trolls
  A queen bee (shapeshifter) (D:13)
  6 meliai
  55 jumping spiders
  11 hornets
  16 hippogriffs
  2 polar bears
  9 wind drakes
  16 blink frogs
  8 slime creatures
  12 dream sheep
  A dream sheep (shapeshifter) (D:15)
  17 snapping turtles
  2 air elementals (Elf:1)
  A shadow (D:14)
  4 wyverns
  2 vampires
  A spriggan (D:8)
  38 tarantellas
  6 wraiths
  A centaur simulacrum (D:15)
  104 redbacks
  20 water elementals
  A tarantella (shapeshifter) (Vaults:1)
  26 yaks
  A yak (shapeshifter) (Elf:1)
  7 fire elementals
  4 hogs (Shoals:4)
  3 basilisks
  4 vampire mosquitoes (D:12)
  4 hungry ghosts
  2 hell hounds (D:14)
  An acid dragon (D:13)
  A soldier ant (D:12)
  9 water moccasins
  3 wargs
  3 black bears
  5 ice beasts
  47 orc warriors
  4 slaves (D:4)
  6 porcupines
  A black bear (shapeshifter) (D:15)
  2 sky beasts (D:12)
  19 ogres
  8 wolves
  11 centaurs
  4 big kobolds
  14 crocodiles
  2 elf zombies (Elf:1)
  14 bullfrogs
  5 earth elementals
  A water moccasin skeleton (D:11)
  7 scorpions
  3 wights
  4 electric eels
  A howler monkey (D:9)
  2 lava snakes (D:11)
  6 crimson imps
  A quasit (D:15)
  7 hounds
  27 orc wizards
  4 jellies
  26 orc priests
  2 bullfrog skeletons
  An iguana (D:11)
  7 worker ants
  A hound skeleton (D:10)
  A gnoll (D:7)
  A howler monkey skeleton (D:11)
  5 adders
  5 river rats (D:5)
  A shadow imp (D:15)
  10 white imps
  2 worms
  73 orcs
  A bat (D:3)
  A goblin (D:2)
  8 jackals
  A quokka (D:5)
  17 kobolds
  A quokka skeleton (D:3)
  7 rats
  2 crawling corpses (Elf:3)
  2 fungi
  12 plants
  A tentacle (Shoals:4)
1413 creatures vanquished.

Vanquished Creatures (others)
  A satyr (Shoals:3)
  A deep elf knight (Elf:1)
  A deep elf archer (Elf:2)
  A faun (Shoals:2)
  A merfolk (Shoals:2)
  A slime creature (D:14)
  A water elemental (Shoals:3)
  A tarantella (Spider:3)
  2 humans (Shoals:4)
  40 fungi
  35 plants
  15 tentacles (Shoals:4)
100 creatures vanquished.

Grand Total: 1824 creatures vanquished

Notes
Turn   | Place    | Note
-------+----------+-------------------------------------------
     0 | D:1      | LVoren the Ogre Wizard began the quest for the Orb.
     0 | D:1      | Reached XP level 1. HP: 16/16 MP: 5/5
    25 | D:1      | Reached skill level 1 in Conjurations
   402 | D:1      | Reached XP level 2. HP: 18/24 MP: 0/6
   406 | D:1      | Learned a level 2 spell: Call Imp
   744 | D:1      | Reached skill level 1 in Summonings
  1425 | D:2      | Reached XP level 3. HP: 31/31 MP: 6/8
  1663 | D:2      | Reached skill level 2 in Summonings
  1722 | D:2      | Learned a level 3 spell: Mephitic Cloud
  1726 | D:2      | Learned a level 3 spell: Conjure Flame
  2091 | D:2      | Found a stormy altar of Qazlal.
  2096 | D:2      | Found an iron altar of Okawaru.
  2438 | D:2      | Reached XP level 4. HP: 39/39 MP: 4/9
  2719 | D:3      | Reached skill level 1 in Poison Magic
  2781 | D:3      | Reached skill level 1 in Fire Magic
  2817 | D:3      | Reached skill level 1 in Air Magic
  3024 | D:3      | Reached XP level 5. HP: 22/45 MP: 3/10
  3249 | D:3      | Noticed Sigmund
  3342 | D:3      | Killed Sigmund
  3342 | D:3      | Reached XP level 6. HP: 44/53 MP: 5/11
  3361 | D:3      | Learned a level 2 spell: Blink
  3488 | D:3      | Found a runed door.
  3496 | D:3      | Noticed Crazy Yiuf
  3500 | D:3      | Killed Crazy Yiuf
  3579 | D:3      | Found a blossoming altar of Fedhas.
  3601 | D:3      | Found a sparkling altar of Nemelex Xobeh.
  4024 | D:4      | Found a staircase to the Ecumenical Temple.
  4036 | Temple   | Entered the Ecumenical Temple
  4082 | Temple   | Became a worshipper of Sif Muna the Loreminder
  4460 | D:4      | Gained mutation: You have sharp fingernails. [potion of mutation]
  4460 | D:4      | Gained mutation: You have supernaturally acute eyesight. (SInv) [potion of mutation]
  4460 | D:4      | Gained mutation: You are partially covered in molten scales. (AC +2) [potion of mutation]
  4461 | D:4      | Noticed a slave
  4461 | D:4      | Noticed a slave
  4461 | D:4      | Noticed a slave
  4481 | D:4      | Killed a slave
  4971 | D:4      | Reached skill level 5 in Spellcasting
  4976 | D:4      | Noticed Pikel
  4976 | D:4      | Noticed a slave
  5274 | D:5      | Entered Level 5 of the Dungeon
  5283 | D:5      | Reached XP level 7. HP: 51/59 MP: 11/15
  5784 | D:5      | Found a shattered altar of Ashenzari.
  5822 | D:5      | Found a radiant altar of Vehumet.
  5842 | D:5      | Reached skill level 1 in Fighting
  6378 | D:5      | Reached * piety under Sif Muna
  7729 | D:6      | Reached XP level 8. HP: 78/78 MP: 10/18
  8148 | D:6      | Reached skill level 5 in Fighting
  8442 | D:6      | HP: 4/81 [orc wizard/puff of frost (9)]
  8446 | D:6      | Found a snail-covered altar of Cheibriados.
  9847 | D:7      | Reached ** piety under Sif Muna
 10061 | D:7      | Reached XP level 9. HP: 94/94 MP: 11/21
 10221 | D:7      | Found a basalt altar of Yredelemnul.
 12773 | D:7      | Reached skill level 10 in Spellcasting
 12901 | D:7      | Reached skill level 10 in Fighting
 13044 | D:8      | Reached *** piety under Sif Muna
 13393 | D:8      | Reached XP level 10. HP: 74/111 MP: 14/24
 13466 | D:8      | Noticed Maurice
 13527 | D:8      | Killed Maurice
 13732 | D:7      | Reached skill level 1 in Shields
 14769 | D:8      | Noticed a two-headed ogre
 14799 | D:8      | Killed a two-headed ogre
 15360 | D:8      | Found a shimmering altar of Xom.
 15361 | D:8      | Found a hazy altar of Hepliaklqana.
 15362 | D:8      | Noticed a spectral ugly thing
 15664 | D:8      | Reached skill level 5 in Shields
 16603 | D:9      | Learned a level 4 spell: Summon Ice Beast
 16619 | D:9      | Noticed a two-headed ogre
 16651 | D:9      | Killed a two-headed ogre
 16651 | D:9      | Reached skill level 3 in Summonings
 16651 | D:9      | Reached skill level 1 in Ice Magic
 17087 | D:9      | Reached **** piety under Sif Muna
 17197 | D:9      | Reached XP level 11. HP: 75/120 MP: 11/26
 17203 | D:9      | Reached skill level 4 in Summonings
 18032 | D:10     | Entered Level 10 of the Dungeon
 18061 | D:10     | Found a flagged portal.
 18066 | Bailey   | Entered a bailey
 18066 | Bailey   | Noticed an orc knight
 18279 | Bailey   | Killed an orc knight
 18372 | Bailey   | Noticed an orc knight
 18393 | Bailey   | Killed an orc knight
 18393 | Bailey   | Reached skill level 5 in Summonings
 18474 | Bailey   | Noticed an orc knight
 18484 | Bailey   | Killed an orc knight
 18484 | Bailey   | Reached skill level 1 in Invocations
 18507 | Bailey   | Identified Kemy's Almanac of Contamination and Snow
 19050 | D:10     | Noticed Joseph
 19069 | D:10     | Killed Joseph
 19443 | D:11     | Found a staircase to the Lair.
 19453 | Lair:1   | Entered Level 1 of the Lair of Beasts
 19737 | Lair:1   | Found a frozen archway.
 19744 | IceCv    | Entered an ice cave
 19828 | Lair:1   | Noticed a seven-headed hydra
 20356 | Lair:1   | Killed a seven-headed hydra
 20356 | Lair:1   | Reached skill level 5 in Invocations
 21761 | Lair:2   | Noticed a four-headed hydra
 22122 | Lair:2   | Noticed Erica
 22134 | Lair:2   | Killed Erica
 22134 | Lair:2   | Reached XP level 12. HP: 130/130 MP: 13/27
 22260 | Lair:2   | Found a staircase to the Shoals.
 22317 | Lair:2   | Killed a four-headed hydra
 22791 | Lair:3   | Found a labyrinth entrance.
 22810 | Lab      | Entered a labyrinth
 23027 | Lab      | Noticed a minotaur
 23279 | Lab      | Killed a minotaur
 23740 | Lair:3   | Reached ***** piety under Sif Muna
 23751 | Lair:3   | Noticed a death yak
 23771 | Lair:3   | Killed a death yak
 23924 | Lair:3   | Reached skill level 6 in Summonings
 24228 | Lair:3   | Reached skill level 5 in Ice Magic
 24600 | Lair:3   | Received a gift from Sif Muna
 25438 | Lair:3   | Found a hole to the Spider Nest.
 25682 | Lair:4   | Noticed a seven-headed hydra
 25972 | Lair:4   | Killed a seven-headed hydra
 26809 | Lair:4   | Noticed a five-headed hydra
 26823 | Lair:4   | Killed a five-headed hydra
 26823 | Lair:4   | Reached skill level 1 in Polearms
 27273 | Lair:5   | Noticed Gargoyl's ghost (journeyman MiAK)
 27276 | Lair:5   | Found a basalt altar of Yredelemnul.
 28794 | Lair:1   | Learned a level 4 spell: Throw Icicle
 28961 | Lair:6   | Entered Level 6 of the Lair of Beasts
 28961 | Lair:6   | Noticed a six-headed hydra
 29466 | Lair:6   | Found a staircase to the Slime Pits.
 29683 | Lair:6   | Noticed a six-headed hydra
 29686 | Lair:6   | Killed a six-headed hydra
 29970 | Lair:6   | Reached XP level 13. HP: 123/137 MP: 13/28
 29996 | Lair:6   | Reached skill level 5 in Conjurations
 31037 | Lair:6   | Learned a level 4 spell: Force Lance
 31185 | Lair:6   | Reached skill level 1 in Translocations
 32465 | Lair:6   | Identified Liuf's Catalogue of Creative Venom (Sif Muna gifted it to you on level 6 of the Lair of Beasts)
 32465 | Lair:6   | Received a gift from Sif Muna
 33550 | Lair:6   | Reached skill level 7 in Summonings
 33880 | Lair:1   | Learned a level 7 spell: Monstrous Menagerie
 35426 | D:12     | Found a staircase to the Orcish Mines.
 35509 | Orc:1    | Entered Level 1 of the Orcish Mines
 35590 | Orc:2    | Entered Level 2 of the Orcish Mines
 35777 | Orc:2    | Found a bloodstained altar of Trog.
 36358 | Orc:1    | Noticed a stone giant
 36385 | Orc:1    | Killed a stone giant
 36385 | Orc:1    | Reached skill level 8 in Summonings
 36700 | Orc:2    | Found a staircase to the Elven Halls.
 37321 | Orc:2    | Noticed an ettin
 38007 | Orc:2    | Noticed an orc warlord
 38027 | Orc:2    | Paralysed by an orc sorcerer for 3 turns
 38530 | Orc:2    | Killed an ettin
 38530 | Orc:2    | Reached skill level 9 in Summonings
 40713 | Orc:2    | Reached XP level 14. HP: 138/146 MP: 5/29
 41521 | Orc:2    | Found Vimno's General Store.
 41522 | Orc:2    | Found Byporaosm's Jewellery Shoppe.
 41523 | Orc:2    | Found Futhuroam's Antique Armour Shoppe.
 41523 | Orc:2    | Found Peisuapral's Antique Weapon Emporium.
 41537 | Orc:2    | Bought a scroll of recharging for 152 gold pieces
 41537 | Orc:2    | Bought a potion of curing for 48 gold pieces
 41537 | Orc:2    | Bought a potion of lignification for 48 gold pieces
 41538 | Orc:2    | Bought the amulet of the Four Winds {rN+ MR+++ Clar} for 614 gold pieces
 41538 | Orc:2    | Bought an uncursed ring of wizardry for 420 gold pieces
 41740 | Orc:2    | Killed an orc warlord
 41740 | Orc:2    | Reached skill level 10 in Summonings
 42019 | Orc:1    | Noticed Theopeo's ghost (novice DrBe)
 42034 | Orc:1    | Received a gift from Sif Muna
 42132 | Orc:1    | Killed Theopeo's ghost
 42895 | Elf:1    | Entered Level 1 of the Elven Halls
 43750 | D:4      | Killed Pikel
 44516 | D:12     | Found an opulent altar of Gozag.
 44537 | D:12     | Reached skill level 11 in Summonings
 46704 | D:14     | Noticed Frances
 46713 | D:14     | Killed Frances
 46730 | D:14     | Noticed Azrael
 46748 | D:14     | Killed Azrael
 46748 | D:14     | Reached skill level 12 in Summonings
 47011 | D:14     | Found a shadowy altar of Dithmenos.
 47115 | D:14     | Identified Musuge Poli's Volume of Dislocation and Moulding (Sif Muna gifted it to you on level 14 of the Dungeon)
 47115 | D:14     | Received a gift from Sif Muna
 47283 | D:14     | Noticed Urug
 47287 | D:14     | Killed Urug
 47951 | D:14     | Found a gate to the Vaults.
 48148 | D:15     | Entered Level 15 of the Dungeon
 48915 | D:15     | Noticed Josephine
 48920 | D:15     | Killed Josephine
 49347 | D:15     | Reached XP level 15. HP: 147/154 MP: 21/31
 49672 | D:15     | Found a staircase to the Depths.
 49789 | Lair:1   | Learned a level 8 spell: Summon Horrible Things
 49791 | Lair:1   | Learned a level 1 spell: Apportation
 49869 | Spider:1 | Entered Level 1 of the Spider Nest
 49869 | Spider:1 | Noticed a ghost moth
 49903 | Lair:3   | Killed a ghost moth
 50296 | Spider:1 | Noticed SlightEye's ghost (journeyman FoFi)
 50312 | Spider:1 | Killed SlightEye's ghost
 50469 | Spider:1 | Reached skill level 13 in Summonings
 51794 | Spider:1 | Identified Sif Muna's Collected Works on Dislocated Fire (Sif Muna gifted it to you on level 1 of the Spider Nest)
 51794 | Spider:1 | Received a gift from Sif Muna
 52363 | Spider:1 | Noticed a ghost moth
 52400 | Spider:1 | Killed a ghost moth
 53329 | Spider:1 | Learned a level 5 spell: Fireball
 53667 | Spider:2 | Noticed an emperor scorpion
 53685 | Spider:2 | Killed an emperor scorpion
 54284 | Spider:2 | Got a transparent spear
 54285 | Spider:2 | Identified the +9 spear "Spiderbane" {flame, rElec SInv} (You found it on level 2 of the Spider Nest)
 54928 | Spider:3 | Noticed an emperor scorpion
 55084 | Spider:3 | Noticed a ghost moth
 55095 | Spider:3 | Killed a ghost moth
 55523 | Spider:3 | Noticed an emperor scorpion
 55532 | Spider:3 | Killed an emperor scorpion
 55559 | Spider:3 | Received a gift from Sif Muna
 55971 | Spider:3 | Killed an emperor scorpion
 56089 | Spider:3 | Got a crystal mace
 56090 | Spider:3 | Identified the +6 mace of Light {crush, rN++ Str-3 Dex+4} (You found it on level 3 of the Spider Nest)
 56736 | Spider:4 | Entered Level 4 of the Spider Nest
 56913 | Spider:4 | Reached skill level 14 in Summonings
 57933 | Spider:4 | Reached XP level 16. HP: 163/163 MP: 1/34
 58394 | Spider:4 | Identified Sif Muna's Handbook of Attacks (Sif Muna gifted it to you on level 4 of the Spider Nest)
 58394 | Spider:4 | Received a gift from Sif Muna
 59193 | Spider:4 | Reached skill level 15 in Spellcasting
 59662 | Spider:4 | Reached skill level 10 in Conjurations
 59994 | Spider:4 | Got a gossamer rune of Zot
 61881 | Shoals:1 | Entered Level 1 of the Shoals
 62703 | Shoals:1 | Noticed Aizul
 62715 | Shoals:1 | Killed Aizul
 62715 | Shoals:1 | Received a gift from Sif Muna
 62716 | Shoals:1 | Identified Tekhleat's Guide on Creation (Sif Muna gifted it to you on level 1 of the Shoals)
 62882 | Shoals:1 | Noticed Donald
 62889 | Shoals:1 | Killed Donald
 62987 | Shoals:1 | Noticed Louise
 62997 | Shoals:1 | Killed Louise
 63363 | Shoals:2 | Found a flickering gateway to a bazaar.
 63385 | Bazaar   | Entered a bazaar
 63544 | Bazaar   | Found Tufyaze's General Store.
 63557 | Bazaar   | Found Launusur's Food Boutique.
 63557 | Bazaar   | Found Xoqyz's Armour Shop.
 63582 | Bazaar   | Found Munlicojeck's Magic Scroll Boutique.
 63601 | Bazaar   | Bought a scroll of recharging for 95 gold pieces
 63601 | Bazaar   | Bought a scroll of recharging for 95 gold pieces
 63601 | Bazaar   | Bought a scroll of identify for 20 gold pieces
 63601 | Bazaar   | Bought a scroll of magic mapping for 35 gold pieces
 63601 | Bazaar   | Bought a scroll of magic mapping for 35 gold pieces
 63601 | Bazaar   | Bought a scroll of enchant weapon for 75 gold pieces
 63601 | Bazaar   | Bought a scroll of recharging for 95 gold pieces
 63601 | Bazaar   | Bought a scroll of identify for 20 gold pieces
 63601 | Bazaar   | Bought a scroll of teleportation for 30 gold pieces
 63601 | Bazaar   | Bought a scroll of identify for 20 gold pieces
 63613 | Bazaar   | Bought a scroll of enchant armour for 82 gold pieces
 63613 | Bazaar   | Bought a scroll of summoning for 104 gold pieces
 63613 | Bazaar   | Bought a scroll of magic mapping for 38 gold pieces
 63613 | Bazaar   | Bought a scroll of enchant armour for 82 gold pieces
 64116 | Lair:1   | Learned a level 9 spell: Dragon's Call
 64810 | Shoals:2 | Reached skill level 15 in Summonings
 65001 | Shoals:2 | Got a warped battleaxe
 67541 | Shoals:3 | Identified Sif Muna's Reference Book on the Warped Entourage (Sif Muna gifted it to you on level 3 of the Shoals)
 67541 | Shoals:3 | Received a gift from Sif Muna
 68207 | Shoals:3 | Reached XP level 17. HP: 170/170 MP: 22/36
 68762 | Shoals:3 | Noticed a titan
 68791 | Shoals:3 | Killed a titan
 68791 | Shoals:3 | Reached skill level 16 in Summonings
 68898 | Shoals:4 | Entered Level 4 of the Shoals
 68943 | Shoals:4 | Noticed Ilsuiw
 69725 | Shoals:3 | Learned a level 7 spell: Haunt
 69748 | Shoals:4 | Killed Ilsuiw
 69771 | Shoals:3 | Reached skill level 1 in Necromancy
 71395 | Shoals:4 | Got a barnacled rune of Zot
 71471 | Shoals:4 | Noticed Kirke
 71482 | Shoals:4 | Killed Kirke
 72005 | Shoals:4 | Noticed Polyphemus
 72449 | Shoals:4 | Noticed Roxanne
 72463 | Shoals:4 | Killed Roxanne
 72469 | Shoals:4 | Identified Roxanne's Reference Book on Moulding (You took it off Roxanne on level 4 of the Shoals)
 72815 | Shoals:4 | Received a gift from Sif Muna
 72816 | Shoals:4 | Identified Sif Muna's Tome of the Gliding Oath (Sif Muna gifted it to you on level 4 of the Shoals)
 72885 | Shoals:4 | Reached skill level 5 in Necromancy
 73307 | Shoals:4 | Noticed a kraken
 73920 | Shoals:4 | Identified Sif Muna's Grimoire of Supportive Confrontation
 74238 | Shoals:4 | Killed a kraken
 74925 | Shoals:4 | Killed Polyphemus
 77362 | Elf:1    | Found Gaclis's Assorted Antiques.
 77436 | Elf:1    | Bought a scroll of teleportation for 129 gold pieces
 77436 | Elf:1    | Bought a scroll of identify for 86 gold pieces
 77436 | Elf:1    | Bought a scroll of amnesia for 150 gold pieces
 77436 | Elf:1    | Bought a scroll of identify for 86 gold pieces
 77493 | Elf:1    | Identified the Catalogue of Necromancy
 78597 | Elf:2    | Identified Ceidusud's Catalogue of Evil Secrets (Sif Muna gifted it to you on level 2 of the Elven Halls)
 78597 | Elf:2    | Received a gift from Sif Muna
 78613 | Elf:2    | Noticed Turtleman12345's ghost (journeyman MiFi)
 78631 | Elf:2    | Killed Turtleman12345's ghost
 78796 | Elf:2    | Reached skill level 17 in Summonings
 78801 | Elf:2    | Reached XP level 18. HP: 176/178 MP: 12/37
 79126 | Elf:2    | Found a runed gate.
 79126 | Elf:2    | Found a runed gate.
 79126 | Elf:2    | Found a runed gate.
 79793 | Elf:2    | Noticed Saint Roka
 79802 | Elf:2    | Killed Saint Roka
 80966 | Elf:3    | Entered Level 3 of the Elven Halls
 81401 | Elf:3    | Noticed a deep elf master archer
 81406 | Elf:3    | Killed a deep elf master archer
 82202 | Elf:3    | Found Bualeulu's Weapon Shoppe.
 82231 | Elf:1    | Identified Sif Muna's Guide on Lethal Darkness (Sif Muna gifted it to you on level 1 of the Elven Halls)
 82231 | Elf:1    | Received a gift from Sif Muna
 82642 | Elf:3    | Noticed a deep elf blademaster
 82668 | Elf:3    | Killed a deep elf blademaster
 82973 | Elf:3    | Noticed a deep elf blademaster
 82998 | Elf:3    | Killed a deep elf blademaster
 83129 | Elf:3    | Got a shimmering brass ring
 83137 | Elf:3    | Reached skill level 18 in Summonings
 83163 | Elf:3    | Got an ancient silver ring
 83164 | Elf:3    | Noticed a deep elf master archer
 83168 | Elf:3    | Got a steaming brass ring
 83185 | Elf:3    | Killed a deep elf master archer
 83477 | Elf:2    | Identified the ring of Atzuff {-Tele Str+5 Dex+5} (You took it off a deep elf death mage on level 3 of the Elven Halls)
 83479 | Elf:2    | Identified the ring "Pozy" {rF- rN+ Int+3 Dex+6 SInv} (You took it off a deep elf death mage on level 3 of the Elven Halls)
 83481 | Elf:2    | Identified the ring "Ucveptez" {Wiz rF- MR++} (You took it off a deep elf high priest on level 3 of the Elven Halls)
 84700 | Elf:3    | Found Qemuubli's Food Shoppe.
 84750 | Elf:3    | Found Woima's Armour Boutique.
 86011 | Elf:3    | Identified the Reference Book on Unholy Secrets
 86071 | Elf:3    | Identified the Reference Book on Warped Summoning
 86484 | Lair:5   | Killed Gargoyl's ghost
 86722 | Vaults:1 | Entered Level 1 of the Vaults
 86972 | Vaults:1 | Identified Sif Muna's Almanac of Cankerous Displacement (Sif Muna gifted it to you on level 1 of the Vaults)
 86972 | Vaults:1 | Received a gift from Sif Muna
 87243 | Vaults:1 | Noticed a Hell Sentinel
 87262 | Vaults:1 | Reached XP level 19. HP: 49/187 MP: 11/38
 87264 | Vaults:1 | HP: 5/187 [war gargoyle/spray of metal splinters (17)]
 87264 | Vaults:1 | Mangled by an orc knight

Skill      XL: |  1  2  3  4  5  6  7  8  9 10 11 12 13 14 15 16 17 18 |
---------------+-------------------------------------------------------+-----
Conjurations   | 1 2 4 6 9 11 | 11.1
Summonings     | 1 2 3 5 6 9 12 14 15 17 18 | 18.9
Poison Magic   | 1 2 |  2.4
Fire Magic     | 1 2 |  2.5
Air Magic      | 1 2 |  2.4
Spellcasting   | 5 6 8 10 11 12 14 15 | 15.4
Fighting       | 4 7 10 11 | 11.4
Shields        | 5 7 9 |  9.0
Ice Magic      | 2 3 5 6 |  6.2
Invocations    | 7 |  7.1
Polearms       | 2 |  2.6
Translocations | 1 |  1.9
Necromancy     | 7 9 |  9.1
Dodging        | |  1.7
Stealth        | |  1.4

Action                   |  1- 3 |  4- 6 |  7- 9 | 10-12 | 13-15 | 16-18 | 19-21 || total
-------------------------+-------+-------+-------+-------+-------+-------+-------++-------
Melee: Spear             |    25 |    30 |       |       |       |     9 |       ||    64
       Scythe            |       |    29 |   591 |   397 |       |       |       ||  1017
       Trident           |       |       |       |   109 |    81 |       |       ||   190
       Staff             |       |       |       |       |   105 |    11 |       ||   116
 Fire: Blowgun           |       |       |     6 |       |       |       |       ||     6
Throw: Throwing net      |       |       |     1 |     1 |       |       |       ||     2
       Large rock        |       |       |       |       |     4 |       |       ||     4
 Cast: Magic Dart        |    80 |    31 |    13 |    43 |     2 |       |       ||   169
       Call Imp          |    13 |    30 |   135 |    15 |       |       |       ||   193
       Mephitic Cloud    |       |     2 |    17 |    47 |    56 |     2 |       ||   124
       Blink             |       |       |     3 |    10 |    10 |    14 |       ||    37
       Summon Ice Beast  |       |       |       |   342 |   343 |       |       ||   685
       Throw Icicle      |       |       |       |    11 |    26 |       |       ||    37
       Conjure Flame     |       |       |       |     4 |       |       |       ||     4
       Force Lance       |       |       |       |       |     9 |     7 |       ||    16
       Monstrous Menager |       |       |       |       |   309 |   473 |       ||   782
       Summon Horrible T |       |       |       |       |     6 |    25 |       ||    31
       Fireball          |       |       |       |       |     1 |     1 |       ||     2
       Haunt             |       |       |       |       |       |   125 |       ||   125
       Dragon's Call     |       |       |       |       |       |    10 |       ||    10
Invok: Channel Magic     |       |       |       |     2 |     8 |    10 |       ||    20
Evoke: Wand              |       |       |       |    10 |     7 |       |       ||    17
       Staff of energy   |       |       |       |       |     2 |       |       ||     2
  Use: Scroll            |       |     7 |     5 |     9 |    20 |    13 |       ||    54
       Potion            |       |     1 |     1 |     3 |     5 |    10 |       ||    20
 Stab: Confused          |       |     5 |     4 |     5 |     1 |       |       ||    15
       Sleeping          |       |     1 |     4 |     2 |       |       |       ||     7
       Distracted        |       |       |     3 |     6 |     2 |       |       ||    11
  Eat: Chunk             |     5 |     9 |    21 |    33 |    48 |    64 |       ||   180
       Royal jelly       |       |       |     1 |     1 |       |       |       ||     2
       Meat ration       |       |       |     1 |     5 |     2 |     4 |       ||    12
       Fruit             |       |       |       |       |     3 |       |       ||     3
       Bread ration      |       |       |       |       |     6 |     2 |       ||     8
Armor: Robe              |    11 |    29 |   310 |   273 |   183 |   106 |       ||   912
       Skin              |       |       |       |       |    35 |     7 |       ||    42
Dodge: Dodged            |    23 |    34 |   383 |   389 |   232 |   189 |       ||  1250
       Deflected         |       |       |       |     1 |    11 |       |       ||    12
Block: Shield            |       |       |       |    49 |   327 |   258 |       ||   634
       Reflection        |       |       |       |       |       |    87 |       ||    87
